 Dungeon Crawl Stone Soup version 0.16.1-11-g651b585 (webtiles) character file.

146 Magnus the Vexing (level 5, -8/33 HPs)
             Began as a High Elf Arcane Marksman on Apr 4, 2015.
             Killed by nerve-wracking pain
             ... invoked by an orc priest
              (11 damage)
             ... on level 3 of the Dungeon.
             The game lasted 00:15:41 (2791 turns).

Magnus the Vexing (High Elf Arcane Marksman)        Turns: 2791, Time: 00:15:42

Health: -8/33      AC:  3    Str: 10    XL:     5   Next: 7%
Magic:  10/12      EV: 14    Int: 16    God:
Gold:   180        SH:  0    Dex: 16    Spells: 2 memorised, 6 levels left

rFire  . . .     SeeInvis .     b - +0 shortbow
rCold  . . .     Clarity  .     a - +1 robe
rNeg   . . .     SustAb   .     (no shield)
rPois  +         Gourm    .     (no helmet)
rElec  .         Spirit   .     (no cloak)
rCorr  .         Warding  .     (no gloves)
rMut   .         Stasis   .     (no boots)
MR     .....                    (no amulet)
Stlth  +.........               (no ring)
                                p - ring of poison resistance

@: not resistant to hostile enchantments, very unstealthy
A: no striking features
a: no special abilities


You were on level 3 of the Dungeon.
You were not hungry.

You visited 1 branch of the dungeon, and saw 3 of its levels.

You collected 180 gold pieces.

Inventory:

Hand weapons
 b - a +0 shortbow (weapon)
 s - a +0 dagger of speed
Missiles
 c - 55 arrows (quivered)
 i - 16 arrows of flame
Armour
 a - a +1 robe (worn)
Jewellery
 p - a ring of poison resistance (left hand)
 q - an uncursed ring of wizardry {unknown}
Scrolls
 k - a scroll of enchant armour
 m - a scroll of identify
 n - 2 scrolls of remove curse
 t - a scroll of fog {unknown}
Potions
 e - a potion of lignification
 g - 2 potions of brilliance
 h - a potion of curing
 l - a potion of invisibility {unknown}
 r - a potion of might {unknown}
Books
 d - a book of Debilitation

   Spells                             Type                      Level
   a - Corona                         Hexes                        1
   b - Slow                           Hexes                        2
   c - Inner Flame                    Hexes/Fire                   3
   d - Enslavement                    Hexes                        4
   e - Cause Fear                     Hexes                        4
   f - Leda's Liquefaction            Hexes/Earth                  4
Comestibles
 f - a bread ration
 j - 4 fruits
 o - 3 beef jerkies


   Skills:
 - Level 1.0 Fighting
 + Level 4.0 Bows
 + Level 3.6 Dodging
 + Level 2.5 Spellcasting
 + Level 4.0 Hexes


You had 6 spell levels left.
You knew the following spells:

 Your Spells              Type           Power        Failure   Level  Hunger
a - Corona                Hex            ##.....      4%          1    #......
b - Slow                  Hex            ##......     8%          2    ##.....


Dungeon Overview and Level Annotations

Branches:
Dungeon (3/15)

Altars:
Makhleb
Sif Muna


Message History

Press: ? - help, Shift-Dir - straight line, f/p - orc priest
Aim: an orc priest, wielding a flail and wearing a ring mail (moderately wounded, softly glowing)
You shoot an arrow. The arrow hits the orc priest.
The orc priest is heavily wounded.
The orc priest barely misses you.
Firing (i - inventory. (,) - cycle):
c - 57 arrows (quivered)
Press: ? - help, Shift-Dir - straight line, f/p - orc priest
Aim: an orc priest, wielding a flail and wearing a ring mail (heavily wounded, softly glowing)
You shoot an arrow.
The arrow hits the orc priest but does no damage.
The orc priest is heavily wounded.
The orc priest barely misses you.
Firing (i - inventory. (,) - cycle):
c - 56 arrows (quivered)
Press: ? - help, Shift-Dir - straight line, f/p - orc priest
Aim: an orc priest, wielding a flail and wearing a ring mail (heavily wounded, softly glowing)
You shoot an arrow. The arrow hits the orc priest.
The orc priest is almost dead.
The orc priest mumbles some strange prayers to Beogh against you.
Pain shoots through your body!
You die...

########### ###
##########.........# ..#
##.......##..........
..#######........##...........
..................)(...>......
........#........##...........
.#......##(....o@##..........oo
.#......##....(########.#..$...#
.+............###.....#.#......#
.#.....######.# #.....#.#......#
##............###.....#.#......#
#######.....................# .#
#...........#####.###...# .#
#..........#######..+....#
(######..........###∩###.##....#


You could see an orc priest.

Vanquished Creatures
  A hound (D:3)
  An orc priest (D:3)
  3 adders
  A worm (D:1)
  2 giant geckos
  2 orcs (D:3)
  4 bats
  2 goblins (D:2)
  4 hobgoblins
  2 jackals (D:2)
  9 kobolds
  2 ball pythons
  3 giant cockroaches
  7 giant newts
  8 rats
51 creatures vanquished.

Notes
Turn   | Place    | Note
--------------------------------------------------------------
     0 | D:1      | Magnus, the High Elf Arcane Marksman, began the quest for the Orb.
     0 | D:1      | Reached XP level 1. HP: 13/13 MP: 3/3
   451 | D:1      | Reached XP level 2. HP: 18/18 MP: 2/4
  1085 | D:1      | Learned a level 2 spell: Slow
  1110 | D:2      | Reached XP level 3. HP: 23/23 MP: 3/6
  1909 | D:2      | Found a deep blue altar of Sif Muna.
  2448 | D:3      | Reached XP level 4. HP: 25/28 MP: 5/10
  2681 | D:3      | Found a burning altar of Makhleb.
  2760 | D:3      | Reached skill level 4 in Bows
  2760 | D:3      | Reached XP level 5. HP: 20/33 MP: 7/12
  2791 | D:3      | Killed from afar by an orc priest

Action                   |  1- 3 |  4- 6 || total
-------------------------+-------+-------++-------
 Fire: Shortbow          |   152 |    36 ||   188
 Cast: Corona            |    12 |    11 ||    23
       Slow              |     8 |       ||     8
  Use: Scroll            |     7 |       ||     7
       Potion            |     4 |       ||     4
  Eat: Bread ration      |     1 |     1 ||     2
       Chunk             |     1 |       ||     1
